 Dungeon Crawl Stone Soup version 0.28.0 (webtiles) character file.

Game seed: 11241561962465669444

431 Sanktem7 the Conjurer (level 6, -2/48 HPs)
             Began as a Deep Elf Conjurer on Feb 8, 2022.
             Slain by a scorpion (6 damage)
             ... on level 4 of the Dungeon.
             The game lasted 00:07:55 (4902 turns).

Sanktem7 the Conjurer (Deep Elf Conjurer)           Turns: 4902, Time: 00:07:56

Health: -2/48      AC: 23    Str:  4    XL:     6   Next: 67%
Magic:  17/17      EV:  2    Int: 25    God:
Gold:   146        SH:  0    Dex: 13    Spells: 15/18 levels left

rFire   . . .      SeeInvis .   (no weapon)
rCold   . . .      Faith    .   (no shield)
rNeg    . . .      Spirit   .   (armour currently unavailable)
rPois   +          Reflect  .   (helmet currently unavailable)
rElec   .          Harm     .   (cloak currently unavailable)
rCorr   .          Rampage  .   (gloves currently unavailable)
Will    .....      NoTele   +   (boots currently unavailable)
Stlth   ++........              (no amulet)
HPRegen 0.16/turn               (no ring)
MPRegen 0.15/turn               (no ring)

@: lethally poisoned (-2 -> -8), tree-form
A: stationary, stasis, torment immunity, boosted hp
a: no special abilities


You were on level 4 of the Dungeon.
You were a tree.
You visited 1 branch of the dungeon, and saw 4 of its levels.

You collected 146 gold pieces.

Inventory:

Armour
 a - a +0 robe (melded)
 g - a +0 pair of gloves (melded)
Jewellery
 m - an amulet of faith
Wands
 j - a wand of digging (7)
Scrolls
 b - a scroll of teleportation
 c - a scroll of magic mapping {unknown}
 e - 2 scrolls of enchant weapon
 p - a scroll of identify
Potions
 d - a potion of invisibility {unknown}
 f - a potion of lignification
 h - a potion of resistance {unknown}
 i - 2 potions of berserk rage
 k - 2 potions of might {unknown}
 l - a potion of heal wounds {unknown}
 n - a potion of flight {unknown}
 o - a potion of curing {unknown}


   Skills:
 + Level 2.8 Dodging
 + Level 3.0 Stealth
 * Level 6.6 Spellcasting
 * Level 7.0 Conjurations


You had 15 spell levels left.
You knew the following spells:

 Your Spells              Type           Power      Damage    Failure   Level
a - Magic Dart            Conj           100%       1d8       1%          1
b - Searing Ray           Conj           86%        2d7       1%          2

Your spell library contained the following spells:

 Spells                   Type           Power      Damage    Failure   Level
 Conjure Flame            Conj/Fire      25%        6-21      4%          3
 Dazzling Flash           Conj/Hex       50%        N/A       4%          3
 Corpse Rot               Necr/Air       16%        N/A       11%         2
 Poisonous Vapours        Pois/Air       16%        N/A       11%         2
 Fulminant Prism          Conj/Hex       12%        3d9       17%         4
 Iskenderun's Mystic Bla  Conj/Tloc      25%        2d7       17%         4
 Sticky Flame             Conj/Fire      25%        2d5       17%         4
 Ignite Poison            Fire/Tmut/Pois 8%         N/A       22%         3


Dungeon Overview and Level Annotations

Branches:
Dungeon (4/15)
 Temple: D:4-7

Altars:
Cheibriados
Fedhas
Ru

Shops:
D:4 :


Message History

Press: ? - help, Shift-Dir - straight line, f/p - adder
Aim: an adder (almost dead, 100% to hit)
The magic dart hits the adder!
You kill the adder!
You are caught in the web! 2 scorpions come into view.
There is a web here.
You see here a bat corpse.
There are monsters nearby!
There are monsters nearby!
There are monsters nearby!
There are monsters nearby!
There are monsters nearby!
There are monsters nearby!
The scorpion is caught in a web!
The scorpion struggles to get unstuck from the web.
The scorpion pulls away from the web.
The scorpion evades a web.
The scorpion stings you.
You are poisoned.
The scorpion poisons you!
You struggle to detach yourself from the web.
You feel sick. The scorpion stings you.
You are more poisoned.
The scorpion poisons you! The scorpion stings you.
You struggle to detach yourself from the web.
You feel very sick.
The scorpion stings you but does no damage.
You struggle to detach yourself from the web.
You feel sick. The scorpion stings you!
* * * LOW HITPOINT WARNING * * *
You disentangle yourself.
* * * LOW HITPOINT WARNING * * *
You feel very sick. The scorpion barely misses you.
It was a potion of lignification.
You turn into a tree.
Your +0 pair of gloves melds into your body.
Your +0 robe melds into your body.
Your roots penetrate the ground.
* * * LOW HITPOINT WARNING * * *
You feel sick. The scorpion stings you.
You die...

...# ##....## ##.............
...# #.....######.............
..## #........................
..# #...........##.#......... ..#
##......######..#......... .##
##......####^...##[...####. ..#
###.......###^.####....##.###
..###....###.###†.##......#.#.###
..#......# ###..♣###.......#..#.#
#.......###.)^.PPss###........#.#
#......###^^..PP.#^^.###.##......
#....### .PP..P#####...#..#.###..
#....# #P^..^ ###.....##.#
.....## P...#) #.........
......## P.P^#. #...####..
.......###PP #....##...
#.......############## #.........


You could see 2 scorpions.

Vanquished Creatures
  A bullfrog (D:4)
  A scorpion (D:4)
  An orc priest (D:4)
  A centaur skeleton (D:4)
  Jessica (D:2)
  Ijyb (D:4)
  3 orc wizards (D:4)
  5 adders
  2 worms
  A dart slug (D:3)
  8 orcs
  7 ball pythons
  5 endoplasms
  4 giant cockroaches
  4 goblins
  9 hobgoblins
  6 kobolds
  7 bats
  3 frilled lizards
  7 rats
77 creatures vanquished.

Notes
Turn   | Place    | Note
-------+----------+-------------------------------------------
     0 | D:1      | Sanktem7 the Deep Elf Conjurer began the quest for the Orb.
     0 | D:1      | Reached XP level 1. HP: 10/10 MP: 6/6
   178 | D:1      | Reached XP level 2. HP: 15/15 MP: 4/8
   377 | D:1      | Reached skill level 5 in Conjurations
   638 | D:1      | Found a faded altar of an unknown god.
   928 | D:2      | Found a sacrificial altar of Ru.
  1021 | D:2      | Reached XP level 3. HP: 19/19 MP: 7/9
  1865 | D:2      | Noticed Jessica
  1867 | D:2      | Killed Jessica
  1868 | D:2      | Reached XP level 4. HP: 24/24 MP: 9/12
  2986 | D:4      | Found a blossoming altar of Fedhas.
  2993 | D:4      | Reached skill level 6 in Conjurations
  3043 | D:4      | Noticed a bullfrog
  3048 | D:4      | Learned a level 2 spell: Searing Ray
  3060 | D:4      | Killed a bullfrog
  3061 | D:4      | Reached skill level 5 in Spellcasting
  3061 | D:4      | Reached XP level 5. HP: 3/28 MP: 8/14
  3637 | D:4      | Found Kuqaup's Book Boutique.
  3651 | D:4      | Reached XP level 6. HP: 13/32 MP: 9/16
  4068 | D:4      | Noticed Ijyb
  4075 | D:4      | Killed Ijyb
  4326 | D:4      | Found a snail-covered altar of Cheibriados.
  4838 | D:4      | Reached skill level 7 in Conjurations
  4902 | D:4      | Slain by a scorpion

Illustrated notes

Levels and vault maps discovered:
D:1:      dpeg_arrival_subterranean_lakeside_camping, layout_basic,
          basic_ecumenical_altar
D:2:      layout_basic, basic_altar, uniq_jessica
D:3:      layout_basic, chequers_jeans, nicolae_elevator_lobby_plus
D:4:      old_forge, layout_layer_cave,
          mainiacjoe_overflow_concentric_impassable, slow_altar_2, serial_shops,
          nicolae_inconvenience_store, uniq_ijyb

Skill      XL: |  1  2  3  4  5  6 |
---------------+-------------------+-----
Conjurations   | 5 6 7 |  7.0
Spellcasting   | 4 5 6 |  6.6
Stealth        | 3 |  3.0
Dodging        | |  2.8

Action                   |  1- 3 |  4- 6 || total
-------------------------+-------+-------++-------
 Cast: Magic Dart        |    62 |    96 ||   158
       Searing Ray       |       |     4 ||     4
  Use: Scroll            |       |     5 ||     5
       Potion            |       |     1 ||     1
Armor: Robe              |     1 |     6 ||     7
Dodge: Dodged            |     1 |    22 ||    23
